 Dungeon Crawl Stone Soup version 0.30-a0-718-geaa24f58ff (webtiles) character file.

Game seed: 9763509678161929652

3563 pokeman the Thaumaturge (level 9, -2/46 (50) HPs)
             Began as a Deep Elf Hedge Wizard on Jan 25, 2023.
             Was an Initiate of Vehumet.
             Slain by a wight
             ... wielding a +4 spear of freezing
              (6 damage)
             ... on level 8 of the Dungeon.
             The game lasted 00:20:47 (9311 turns).

pokeman the Thaumaturge (Deep Elf Hedge Wizard)     Turns: 9311, Time: 00:20:48

HP:   -2/46 (50)    AC:  5    Str:  7    XL:     9   Next: 83%
MP:   24/26         EV: 12    Int: 24    God:    Vehumet [......]
Gold: 306           SH:  0    Dex: 14    Spells: 23/31 levels left

rFire   . . .      SeeInvis .    p - +4 quarterstaff (chaos)
rCold   . . .      Faith    .    (shield currently unavailable)
rNeg    . . .      Spirit   .    M - +0 troll leather armour
rPois   .          Reflect  .    c - +0 hat
rElec   .          Harm     .    q - +0 cloak
rCorr   .          Rampage  .    (no gloves)
Will    .....                    (no boots)
Stlth   ++                       (no amulet)
HPRegen 1.07/turn                (no ring)
MPRegen 0.20/turn                (no ring)

@: drained
A: no striking features
a: Renounce Religion


You were on level 8 of the Dungeon.
You worshipped Vehumet.
Vehumet was noncommittal.
You visited 2 branches of the dungeon, and saw 9 of its levels.
You also visited: Sewer.

You collected 538 gold pieces.
You spent 232 gold pieces at shops.

Inventory:

Hand Weapons
 k - a +1 dagger of flaming
 p - a +4 quarterstaff of chaos (weapon)
Missiles
 o - a throwing net
Armour
 c - a +0 hat (worn)
 q - a +0 cloak (worn)
 M - a +0 troll leather armour (worn)
Magical Staves
 f - a staff of fire
 D - a staff of conjuration
 H - a staff of cold
Jewellery
 x - a ring of see invisible
Wands
 y - a wand of paralysis (11)
 G - a wand of roots (11)
 I - a wand of flame (50)
 N - a wand of polymorph (6)
Scrolls
 a - 4 scrolls of fear {unknown}
 b - a scroll of acquirement {unknown}
 g - a scroll of summoning {unknown}
 i - 2 scrolls of vulnerability {unknown}
 l - 3 scrolls of silence {unknown}
 m - 7 scrolls of identify {unknown}
 s - a scroll of fog {unknown}
 t - 2 scrolls of enchant weapon {unknown}
 u - 2 scrolls of blinking
 B - a scroll of poison {unknown}
 E - 3 scrolls of teleportation {unknown}
 F - 3 scrolls of noise {unknown}
 K - a scroll of magic mapping {unknown}
Potions
 d - 2 potions of magic
 e - 3 potions of heal wounds
 h - 4 potions of lignification {unknown}
 j - 2 potions of haste {unknown}
 n - 2 potions of curing {unknown}
 r - 3 potions of might {unknown}
 v - 4 potions of berserk rage {unknown}
 w - a potion of cancellation {unknown}
 z - 3 potions of brilliance {unknown}
 A - 2 potions of degeneration {unknown}
 C - 2 potions of invisibility {unknown}
 J - a potion of resistance {unknown}
 L - a potion of ambrosia {unknown}


   Skills:
 + Level 3.0 Fighting
 - Level 3.0 Armour
 - Level 3.0 Dodging
 - Level 3.0 Stealth
 * Level 11.7 Spellcasting
 + Level 6.4 Conjurations
 + Level 5.4 Summonings
 - Level 1.1 Translocations
 + Level 5.5 Fire Magic
 - Level 1.0 Ice Magic
 - Level 1.2 Air Magic
 - Level 1.0 Poison Magic
 - Level 1.0 Evocations


You had 23 spell levels left.
You knew the following spells:

 Your Spells              Type           Power      Damage    Failure   Level
a - Magic Dart            Conj           100%       1d8       1%          1
b - Mephitic Cloud        Conj/Pois/Air  28%        N/A       6%          3
c - Call Imp              Summ           40%        N/A       1%          2
d - Blink                 Tloc           38%        N/A       6%          2

Your spell library contained the following spells:

 Spells                   Type           Power      Damage    Failure   Level
 Slow                     Hex            56%        N/A       6%          1
 Cigotuvi's Dreadful Rot  Necr/Pois/Air  34%        N/A       7%          2
 Ozocubu's Armour         Ice            19%        N/A       13%         3
 Confusing Touch          Hex            14%        N/A       19%         3
 Vampiric Draining        Necr           14%        2d7       19%         3
 Metabolic Englaciation   Hex/Ice        8%         N/A       82%         5
 Simulacrum               Ice/Necr       8%         N/A       100%        6


Dungeon Overview and Level Annotations

Branches:
Dungeon (8/15)             Temple (1/1) D:7           Sewer (visited)
   Lair: D:8-11

Altars:
Ashenzari
Dithmenos
Elyvilon
Fedhas
Gozag
Hepliaklqana
Kikubaaqudgha
Makhleb
Nemelex Xobeh
Qazlal
Sif Muna
Uskayaw
Vehumet
Yredelemnul
Zin
The Shining One
Lugonu

Shops:
D:2 *   D:4 =   D:8 [


Message History

Items here: )) [[.
You now have 306 gold pieces (gained 12).
A wight comes into view. It is wielding a +4 spear of freezing.
Casting: Magic Dart (safe; 1% risk of failure)
Confirm with . or Enter, or press ? or * to list all spells.
Aiming: Magic Dart (safe; 1% risk of failure)
Press: ? - help, Shift-Dir - straight line, f - wight
Aim: a wight, wielding a +4 spear of freezing and wearing a +0 robe (ally target, 100% to hit)
The magic dart hits the wight.
The wight is lightly damaged.
Found a sparkling altar of Nemelex Xobeh.
The wight hits you with a +4 spear of freezing!
You feel drained. The wight freezes you.
You hit the wight.
The wight is moderately damaged.
Your white imp closely misses the wight.
The wight hits you with a +4 spear of freezing!
The wight freezes you.
The wight hits you with a +4 spear of freezing!
You feel drained. The wight freezes you.
Your white imp closely misses the wight.
You hit the wight.
The wight suddenly seems more resistant.
The wight is heavily damaged.
Your white imp closely misses the wight.
The wight hits you with a +4 spear of freezing.
The wight freezes you.
* * * LOW HITPOINT WARNING * * *
You hit the wight.
The wight convulses.
The wight is almost destroyed.
Your white imp hits the wight but does no damage.
The wight hits your white imp with a +4 spear of freezing!
Your white imp dies!
Your white imp disappears in a puff of smoke!
You hit the wight but do no damage.
The wight is almost destroyed.
The wight hits you with a +4 spear of freezing!
* * * LOW HITPOINT WARNING * * *
The wight freezes you.
You die...

#Y #.# #.# ..# #.#
#.###.#
##.###.###...#.###
..................
###.###.##.....####
##.....#.##...<.#
##..#.#.#.###....##
####.....#.#.####....###
+......@§.......)....†..
#.##..z....######....###
#...#.#§#### #.........
......#.# #..#.####.
...._ ..# #.###^#
........# #..#..# ..⌠.
...# #.#.#.# ........#
#.###.###. #.........


You could see a wight (resistant).

Vanquished Creatures
  A wraith (D:7)
  A steam dragon (D:6)
  An orc warrior (D:5)
  An ice beast (D:6)
  2 ogres (D:6)
  4 black bears
  A wolf (D:8)
  A centaur (D:6)
  9 bullfrogs
  4 scorpions
  2 wights (D:8)
  10 killer bees (D:7)
  2 howler monkeys
  2 orc priests (D:5)
  4 jellies
  Crazy Yiuf (D:2)
  4 hounds
  Jessica (D:3)
  An iguana (D:6)
  4 orc wizards
  4 gnolls (D:6)
  10 adders
  4 river rats (D:3)
  A white imp (D:5)
  An ufetubus (D:6)
  6 dart slugs
  13 orcs
  8 endoplasms
  15 giant cockroaches
  7 goblins
  9 hobgoblins
  2 jackals (D:4)
  11 quokkas
  11 ball pythons
  7 bats
  9 frilled lizards
  10 kobolds
  7 rats
191 creatures vanquished.

Vanquished Creatures (collateral kills)
  A water moccasin (D:6)
  A killer bee (D:7)
  An adder (D:6)
  An orc (D:5)
4 creatures vanquished.

Vanquished Creatures (others)
  A killer bee (D:7)
  A fungus (D:2)
  12 plants
14 creatures vanquished.

Grand Total: 209 creatures vanquished

Notes
Turn   | Place    | Note
-------+----------+-------------------------------------------
     0 | D:1      | pokeman the Deep Elf Hedge Wizard began the quest for the
                  | Orb.
     0 | D:1      | Reached XP level 1. HP: 10/10 MP: 7/7
   315 | D:1      | Reached XP level 2. HP: 16/16 MP: 7/9
   745 | D:1      | Reached skill level 5 in Spellcasting
   944 | D:1      | Reached XP level 3. HP: 17/20 MP: 7/11
   948 | D:1      | Learned a level 3 spell: Mephitic Cloud
   951 | D:1      | Learned a level 2 spell: Call Imp
   954 | D:1      | Learned a level 2 spell: Blink
  1437 | D:2      | Reached skill level 1 in Fighting
  1578 | D:2      | Reached skill level 1 in Armour
  2135 | D:2      | Found Tickof's Assorted Antiques.
  2166 | D:2      | Bought a scroll labelled TEOKHU TEVAYRCHAU for 24 gold
                  | pieces
  2166 | D:2      | Bought a scroll labelled YNWIDE PYFFOSAU for 24 gold pieces
  2166 | D:2      | Bought a bubbling dark potion for 21 gold pieces
  2317 | D:2      | Reached XP level 4. HP: 25/25 MP: 9/13
  2659 | D:2      | Found a runed translucent door.
  2660 | D:2      | Noticed Crazy Yiuf
  2672 | D:2      | Killed Crazy Yiuf
  2811 | D:3      | Noticed Jessica
  2821 | D:3      | Killed Jessica
  2822 | D:3      | Reached skill level 6 in Spellcasting
  2823 | D:3      | Found a shimmering blue altar of Sif Muna.
  2924 | D:3      | Reached XP level 5. HP: 29/29 MP: 15/15
  2956 | D:3      | Identified the +5 dagger "Qenou" {antimagic, rF++}
  2984 | D:3      | Found a glowing drain.
  3101 | Sewer    | Entered a sewer
  3222 | Sewer    | Reached skill level 1 in Fire Magic
  3222 | Sewer    | Reached skill level 1 in Evocations
  3903 | Sewer    | Reached skill level 1 in Poison Magic
  3903 | Sewer    | Reached XP level 6. HP: 28/34 MP: 12/17
  3905 | Sewer    | Reached skill level 7 in Spellcasting
  3905 | Sewer    | Reached skill level 1 in Air Magic
  4316 | D:3      | Noticed a +0 hand axe
  4317 | D:3      | Noticed a +0 hand axe
  4320 | D:3      | Found a hide-covered altar of Uskayaw.
  4840 | D:4      | Found Wom Ynt's Jewellery Emporium.
  4915 | D:4      | Reached XP level 7. HP: 36/38 MP: 17/20
  5405 | D:4      | Found a basalt altar of Yredelemnul.
  5421 | D:5      | Entered Level 5 of the Dungeon
  5573 | D:5      | Reached skill level 8 in Spellcasting
  5581 | D:5      | Found a shadowy altar of Dithmenos.
  5749 | D:5      | HP: 1/40 [white imp/puff of frost (7)]
  6277 | D:5      | Reached XP level 8. HP: 44/44 MP: 16/22
  6454 | D:2      | Bought 3 scrolls labelled WUTEURGH YJERPH for 72 gold
                  | pieces
  6454 | D:2      | Bought 2 puce potions for 43 gold pieces
  6454 | D:2      | Bought 2 scrolls labelled YNWIDE PYFFOSAU for 48 gold
                  | pieces
  6544 | D:6      | Found a glowing silver altar of Zin.
  6545 | D:6      | Identified the +1 dagger of the Stoat {freeze, Str+4}
  6585 | D:6      | Reached skill level 9 in Spellcasting
  6835 | D:6      | Reached skill level 1 in Ice Magic
  6985 | D:6      | Found a stormy altar of Qazlal.
  7230 | D:6      | Reached skill level 5 in Conjurations
  7310 | D:6      | Reached skill level 10 in Spellcasting
  7336 | D:6      | Reached XP level 9. HP: 38/48 MP: 6/25
  7992 | D:6      | Found a white marble altar of Elyvilon.
  8164 | D:7      | Found a staircase to the Ecumenical Temple.
  8173 | Temple   | Entered the Ecumenical Temple
  8218 | Temple   | Became a worshipper of Vehumet
  8252 | D:7      | Reached skill level 11 in Spellcasting
  8255 | D:7      | Reached skill level 5 in Fire Magic
  8262 | D:7      | Reached skill level 5 in Summonings
  9135 | D:8      | Found Biaclu's Antique Armour Boutique.
  9307 | D:8      | Found a sparkling altar of Nemelex Xobeh.
  9311 | D:8      | Slain by a wight

Illustrated notes

Levels and vault maps discovered:
D:1:      minmay_arrival_shoal_huts, layout_loops_ring
D:2:      minmay_door_path, layout_basic, serial_shops,
          nicolae_shop_temple_entry_statues_fountains, uniq_crazy_yiuf_cottage
D:3:      layout_rooms, dancing_weapons_uskayaw, tgw_sif, portal_sewer_entry_b
D:4:      layout_basic, lemuel_coloured_pillars_altar, serial_shops,
          nicolae_stop_n_shop_2, minmay_between
D:5:      layout_cave_pools, mainiacjoe_overflow_surrounded_room,
          nicolae_nh_ransacked_shop
D:6:      minmay_bubble_buster, layout_basic, kennysheep_little_box,
          lemuel_round_altar, nicolae_elyvilon_temple_path, roderic_filled_cross
D:7:      layout_basic, nicolae_overflow_hidden_temple,
          minmay_temple_entry_antechambers
D:8:      layout_loops_corners, tgw_trog, grunt_temple_overflow_open,
          serial_shops, shop, enter_bailey_3, serial_ice, serial_ice_m,
          serial_ice_b, serial_ice_e, serial_ice_g, serial_bayou_lagoon_a
Temple:   kb_corrupted_temple

Skill      XL: |  1  2  3  4  5  6  7  8  9 |
---------------+----------------------------+-----
Spellcasting   | 5 6 7 8 10 11 | 11.7
Fighting       | 1 2 3 |  3.0
Armour         | 1 2 3 |  3.0
Conjurations   | 2 3 4 5 6 |  6.4
Stealth        | 3 |  3.0
Dodging        | 3 |  3.0
Fire Magic     | 1 3 4 5 |  5.5
Evocations     | 1 |  1.0
Poison Magic   | 1 |  1.0
Air Magic      | 1 |  1.2
Summonings     | 2 4 5 |  5.4
Ice Magic      | 1 |  1.0
Translocations | |  1.1

Action                     |  1- 3 |  4- 6 |  7- 9 || total
---------------------------+-------+-------+-------++-------
  Melee: Dagger            |     2 |     6 |       ||     8
         Quarterstaff      |       |    33 |   125 ||   158
   Cast: Magic Dart        |   131 |   146 |   195 ||   472
         Call Imp          |       |     4 |    16 ||    20
         Mephitic Cloud    |       |     6 |    27 ||    33
   Stab: Confused          |       |     3 |     5 ||     8
         Sleeping          |       |     2 |     2 ||     4
         Paralysed         |       |       |     2 ||     2
 Armour: Robe              |     5 |    15 |    23 ||    43
         Troll leather arm |       |       |     8 ||     8
  Dodge: Dodged            |    18 |    40 |   122 ||   180

Table legend: (Time is in decaauts)
 A = Elapsed time spent in this place.
 B = Non-inter-level travel time spent in this place.
 C = Inter-level travel time spent in this place.
 D = Time resting spent in this place.
 E = Time spent auto-exploring this place.
 F = Levels seen in this place.
 G = Mean time per level.
                   A        B        C        D        E       F      G
               +--------+--------+--------+--------+--------+-----+--------+
         Total |   9448 |   9080 |    368 |    554 |   6932 |  10 |  944.8 |
       Dungeon |   8232 |   7881 |    351 |    458 |   6000 |   8 | 1029.0 |
        Temple |     63 |     46 |     17 |      0 |     33 |   1 |   63.0 |
         Sewer |   1152 |   1152 |      0 |     96 |    899 |   1 | 1152.0 |
               +--------+--------+--------+--------+--------+-----+--------+

Top non-repeatable levels by time:
     D:6: 1578 daAuts
     D:2: 1476 daAuts
     D:1: 1288 daAuts
   Sewer: 1152 daAuts
     D:7: 1062 daAuts
     D:5: 1016 daAuts
     D:4: 879 daAuts
     D:3: 799 daAuts
     D:8: 131 daAuts
  Temple: 63 daAuts
